PAA
DURHAM RAPIERS @ CHESAPEAKE CONTINENTALS
06/19/2031
 
TOP OF THE 1ST
Durham Rapiers batting - Pitching for Chesapeake Continentals : LHP Jeff Enamorado
Pitching: LHP Jeff Enamorado
Batting: LHB Alberto Garza 0-0: Foul Ball, location: 2F
0-1: Swinging Strike
0-2: DOUBLE (Flyball, 89XD)
Batting: RHB Tomás Costello 0-0: Ball
1-0: Ball
2-0: Swinging Strike
2-1: Foul Ball, location: 2F
2-2: Ball
3-2: Base on Balls
Batting: RHB Tomás Duarte 0-0: Foul Ball, location: 2F
0-1: Ball
1-1: Ball
2-1: Ball
3-1: Foul Ball, location: 2F
3-2: Foul Ball, location: 2F
3-2: Base on Balls
Alberto Garza to third
Tomás Costello to second
Batting: RHB Guillermo Mata 0-0: Fly out, F8 (Flyball, 8LM)
Runner from 3rd tags up, SCORES, no throw
Batting: RHB Mason Congdon 0-0: Called Strike
0-1: Ball
1-1: Swinging Strike
1-2: Ball
2-2: Ball
3-2: Base on Balls
Tomás Costello to third
Tomás Duarte to second
Batting: RHB Raúl Moreno 0-0: Called Strike
0-1: Ball
1-1: Foul Ball, location: 2F
1-2: Foul Ball, location: 2F
1-2: Ball
2-2: Foul Ball, location: 2F
2-2: SINGLE (Groundball, 6MD)
Tomás Costello scores
Tomás Duarte to third
Mason Congdon to second
Batting: RHB Yoshi Kouda 0-0: Ground out 6-3 (Groundball, 6S)
Tomás Duarte scores
Mason Congdon to third
Raúl Moreno to second
Batting: RHB Armando Chamú 0-0: Called Strike
0-1: Ball
1-1: Swinging Strike
1-2: Ball
2-2: Strikes out looking
Top of the 1st over - 3 runs, 2 hits, 0 errors, 2 left on base; Durham 3 - Chesapeake 0
BOTTOM OF THE 1ST
Chesapeake Continentals batting - Pitching for Durham Rapiers : RHP Edward Scarborough
Pitching: RHP Edward Scarborough
Batting: RHB Dani Durán 0-0: Ball
1-0: Ground out 6-3 (Groundball, 6)
Batting: RHB Ray Walker 0-0: Bunt missed!
0-1: Ground out U3 (Groundball, 34)
Batting: RHB Arturo Scantlebury 0-0: Fly out, F9 (Flyball, 89D)
Bottom of the 1st over - 0 runs, 0 hits, 0 errors, 0 left on base; Durham 3 - Chesapeake 0
TOP OF THE 2ND
Durham Rapiers batting - Pitching for Chesapeake Continentals : LHP Jeff Enamorado
Batting: SHB Fernando Rincón 0-0: Ball
1-0: Ball
2-0: SINGLE (Line Drive, 8RS)
Batting: LHB Alberto Garza 0-0: Called Strike
0-1: Ball
1-1: Foul Ball, location: 2F
1-2: SINGLE (Line Drive, 7LS)
Fernando Rincón to second
Batting: RHB Tomás Costello 0-0: Ball
1-0: Ball
2-0: Ball
3-0: Base on Balls
Fernando Rincón to third
Alberto Garza to second
Batting: RHB Tomás Duarte 0-0: Called Strike
0-1: Called Strike
0-2: Strikes out swinging
Batting: RHB Guillermo Mata 0-0: Grounds into double play, 6-4-3 (Groundball, 6)
Top of the 2nd over - 0 runs, 2 hits, 0 errors, 2 left on base; Durham 3 - Chesapeake 0
BOTTOM OF THE 2ND
Chesapeake Continentals batting - Pitching for Durham Rapiers : RHP Edward Scarborough
Batting: RHB Brian Moring 0-0: Foul Ball, location: 2F
0-1: Ball
1-1: Ball
2-1: Ball
3-1: Base on Balls
Batting: LHB Bart Walton 0-0: DOUBLE (Line Drive, 8RD)
Brian Moring to third
Runner from 3rd tries for Home, SAFE, no throw
Batting: RHB Santiago Valentín 0-0: Ground out 6-3 (Groundball, 6)
Pitching: RHP Stu Noble
Batting: LHB Bartholomew Bailey 0-0: Foul Ball, location: 2F
0-1: Ball
1-1: Ball
2-1: Swinging Strike
2-2: Ball
3-2: SINGLE (Flyball, 7S)
Bart Walton to third
Batting: LHB Mathias Gudmestad 0-0: SINGLE (Groundball, 3) (infield hit)
Bart Walton scores
Bartholomew Bailey to second
Batting: RHB Otton Dis 0-0: Reached on error, E5 (Groundball, 56)
Bartholomew Bailey to third
Mathias Gudmestad to second
Batting: RHB Dani Durán 0-0: Grounds into double play, 6-4-3 (Groundball, 6)
Bottom of the 2nd over - 2 runs, 3 hits, 1 error, 2 left on base; Durham 3 - Chesapeake 2
TOP OF THE 3RD
Durham Rapiers batting - Pitching for Chesapeake Continentals : LHP Jeff Enamorado
Batting: RHB Mason Congdon 0-0: Ball
1-0: SINGLE (Groundball, 4MD)
Batting: RHB Raúl Moreno 0-0: Called Strike
0-1: Ball
1-1: Foul Ball, location: 2F
1-2: Foul Ball, location: 2F
1-2: Foul Ball, location: 2F
1-2: Foul Ball, location: 2F
1-2: Grounds into double play, 6-4-3 (Groundball, 6)
Batting: RHB Yoshi Kouda 0-0: Foul Ball, location: 2F
0-1: SINGLE (Groundball, 34D)
Batting: RHB Armando Chamú 0-0: Ball
1-0: Ball
2-0: Called Strike
2-1: Ball
3-1: Ground out 5-3 (Groundball, 56)
Top of the 3rd over - 0 runs, 2 hits, 0 errors, 1 left on base; Durham 3 - Chesapeake 2
BOTTOM OF THE 3RD
Chesapeake Continentals batting - Pitching for Durham Rapiers : RHP Stu Noble
Batting: RHB Ray Walker 0-0: Ball
1-0: Foul Ball, location: 2F
1-1: Foul Ball, location: 2F
1-2: Ball
2-2: Strikes out swinging
Batting: RHB Arturo Scantlebury 0-0: Called Strike
0-1: Fly out, F7 (Flyball, 7LS)
Batting: RHB Brian Moring 0-0: Fly out, F9 (Flyball, 9D)
Bottom of the 3rd over - 0 runs, 0 hits, 0 errors, 0 left on base; Durham 3 - Chesapeake 2
TOP OF THE 4TH
Durham Rapiers batting - Pitching for Chesapeake Continentals : LHP Jeff Enamorado
Batting: SHB Fernando Rincón 0-0: Ball
1-0: Ball
2-0: Ball
3-0: Called Strike
3-1: Base on Balls
Batting: LHB Alberto Garza 0-0: Hit by Pitch
Fernando Rincón to second
Batting: RHB Tomás Costello 0-0: Ball
1-0: Ball
2-0: DOUBLE (Line Drive, 78D)
Fernando Rincón scores
Alberto Garza to third
Batting: RHB Tomás Duarte 0-0: SINGLE (Groundball, 6MD)
Alberto Garza scores
Tomás Costello to third
Runner from 3rd tries for Home, SAFE, throw made home
Pitching: RHP Steve McKinney
Batting: RHB Guillermo Mata 0-0: Ball
1-0: Grounds into double play, 6-4-3 (Groundball, 56)
Batting: RHB Mason Congdon 0-0: Called Strike
0-1: Foul Ball, location: 2F
0-2: Foul Ball, location: 2F
0-2: Ball
1-2: Ball
2-2: Foul Ball, location: 2F
2-2: SINGLE (Line Drive, 6MD)
Batting: RHB Raúl Moreno 0-0: Swinging Strike
0-1: Swinging Strike
0-2: Ball
1-2: Foul Ball, location: 2F
1-2: Foul Ball, location: 2F
1-2: Ball
2-2: Strikes out swinging
Top of the 4th over - 3 runs, 3 hits, 0 errors, 1 left on base; Durham 6 - Chesapeake 2
BOTTOM OF THE 4TH
Chesapeake Continentals batting - Pitching for Durham Rapiers : RHP Stu Noble
Batting: LHB Bart Walton 0-0: Fly out, F9 (Flyball, 9D)
Batting: RHB Santiago Valentín 0-0: Ball
1-0: Ball
2-0: Foul Ball, location: 2F
2-1: Foul Ball, location: 2F
2-2: Fly out, F9 (Flyball, 9LMF)
Batting: LHB Bartholomew Bailey 0-0: Called Strike
0-1: Ball
1-1: Ball
2-1: Ball
3-1: Fly out, F7 (Line Drive, 7)
Bottom of the 4th over - 0 runs, 0 hits, 0 errors, 0 left on base; Durham 6 - Chesapeake 2
TOP OF THE 5TH
Durham Rapiers batting - Pitching for Chesapeake Continentals : RHP Steve McKinney
Batting: RHB Yoshi Kouda 0-0: Called Strike
0-1: Ball
1-1: Ball
2-1: Ball
3-1: Fly out, F8 (Flyball, 78D)
Batting: RHB Armando Chamú 0-0: Called Strike
0-1: Ball
1-1: Foul Ball, location: 2F
1-2: Ball
2-2: Strikes out swinging
Batting: SHB Fernando Rincón 0-0: Swinging Strike
0-1: Swinging Strike
0-2: Strikes out swinging
Top of the 5th over - 0 runs, 0 hits, 0 errors, 0 left on base; Durham 6 - Chesapeake 2
BOTTOM OF THE 5TH
Chesapeake Continentals batting - Pitching for Durham Rapiers : RHP Stu Noble
Batting: LHB Mathias Gudmestad 0-0: Called Strike
0-1: Swinging Strike
0-2: SINGLE (Groundball, 34D)
Batting: RHB Otton Dis 0-0: Fielders Choice at 2nd, 5-4 (Groundball, 56)
Batting: RHB Dani Durán 0-0: Ball
1-0: Foul Ball, location: 2F
1-1: Ball
2-1: Foul Ball, location: 2F
2-2: Fielders Choice at 2nd, 6-4 (Groundball, 56)
Batting: RHB Ray Walker 0-0: Ball
1-0: Swinging Strike
1-1: Swinging Strike
1-2: Ball
Throwing error on steal attempt, E2
Dani Durán to third
2-2: Ground out U3 (Groundball, 34)
Bottom of the 5th over - 0 runs, 1 hit, 1 error, 1 left on base; Durham 6 - Chesapeake 2
TOP OF THE 6TH
Durham Rapiers batting - Pitching for Chesapeake Continentals : RHP Steve McKinney
Batting: LHB Alberto Garza 0-0: Foul Ball, location: 2F
0-1: Fly out, F6 (Line Drive, 6)
Batting: RHB Tomás Costello 0-0: Foul Ball, location: 2F
0-1: Ball
1-1: Called Strike
1-2: Ball
2-2: Ground out 5-3 (Groundball, 5)
Batting: RHB Tomás Duarte 0-0: Ball
1-0: Fly out, F7 (Flyball, 7)
Top of the 6th over - 0 runs, 0 hits, 0 errors, 0 left on base; Durham 6 - Chesapeake 2
BOTTOM OF THE 6TH
Chesapeake Continentals batting - Pitching for Durham Rapiers : RHP Stu Noble
Batting: RHB Arturo Scantlebury 0-0: Ball
1-0: Swinging Strike
1-1: Foul Ball, location: 2F
1-2: Ball
2-2: Ball
3-2: Base on Balls
Pitching: RHP Archibald Bridgestone
Batting: RHB Brian Moring 0-0: Ball
1-0: Foul Ball, location: 2F
1-1: Fly out, F8 (Flyball, 8RD)
Batting: LHB Bart Walton 0-0: Ball
Passed Ball!
Arturo Scantlebury to second
1-0: Ball
2-0: Called Strike
2-1: Foul Ball, location: 2F
2-2: Ball
3-2: Ground out 5-3 (Groundball, 5L)
Batting: RHB Santiago Valentín 0-0: Foul Ball, location: 2F
0-1: Called Strike
0-2: DOUBLE (Line Drive, 89XD)
Arturo Scantlebury scores
Batting: LHB Bartholomew Bailey 0-0: Called Strike
0-1: Ball
1-1: Fly out, F7 (Flyball, 78S)
Bottom of the 6th over - 1 run, 1 hit, 0 errors, 1 left on base; Durham 6 - Chesapeake 3
TOP OF THE 7TH
Durham Rapiers batting - Pitching for Chesapeake Continentals : RHP Steve McKinney
Batting: RHB Guillermo Mata 0-0: Ball
1-0: Called Strike
1-1: SINGLE (Groundball, 56D)
Batting: RHB Mason Congdon 0-0: Ball
1-0: Ball
2-0: Fly out, F8 (Flyball, 8LXD)
Batting: RHB Raúl Moreno 0-0: Grounds into double play, 6-4-3 (Groundball, 6)
Top of the 7th over - 0 runs, 1 hit, 0 errors, 0 left on base; Durham 6 - Chesapeake 3
BOTTOM OF THE 7TH
Chesapeake Continentals batting - Pitching for Durham Rapiers : RHP Archibald Bridgestone
Batting: LHB Mathias Gudmestad 0-0: Ball
1-0: Foul Ball, location: 2F
1-1: Called Strike
1-2: Ball
2-2: Foul Ball, location: 2F
2-2: Ball
3-2: Foul Ball, location: 2F
3-2: SINGLE (Line Drive, 4M)
Batting: RHB Otton Dis 0-0: SINGLE (Groundball, 56) (infield hit)
Mathias Gudmestad to second
Pinch Runner at 1st Mark Sawyer:
Batting: RHB Dani Durán 0-0: Foul Ball, location: 2F
0-1: Ball
1-1: Ball
2-1: Bunt - Flyout! F1
Batting: RHB Ray Walker 0-0: Ball
1-0: Ball
2-0: Ball
Mathias Gudmestad steals 3rd base
3-0: Called Strike
3-1: Called Strike
3-2: Strikes out swinging
Batting: RHB Arturo Scantlebury 0-0: SINGLE (Groundball, 4MD)
Mathias Gudmestad scores
Mark Sawyer to second
Runner from 2nd tries for 3rd, SAFE, no throw
Batting: RHB Brian Moring 0-0: Called Strike
0-1: Ball
1-1: Ball
2-1: Ball
3-1: Base on Balls
Arturo Scantlebury to second
Batting: LHB Bart Walton 0-0: Ball
1-0: Ball
2-0: SINGLE (Groundball, 34D)
Mark Sawyer scores
Arturo Scantlebury to third
Brian Moring to second
Runner from 3rd tries for Home, SAFE, throw made home
Pitching: RHP Andy Fallon
Batting: RHB Santiago Valentín 0-0: Swinging Strike
0-1: Fly out, F9 (Flyball, 9S)
Bottom of the 7th over - 3 runs, 4 hits, 0 errors, 2 left on base; Durham 6 - Chesapeake 6
TOP OF THE 8TH
Durham Rapiers batting - Pitching for Chesapeake Continentals : RHP Steve McKinney
Now at SS: Mark Sawyer
Pinch Hitting: RHB Carlos Evangelho 0-0: Called Strike
0-1: Swinging Strike
0-2: Foul Ball, location: 2F
0-2: Foul Ball, location: 2F
0-2: Ball
1-2: Fly out, F2 (Popup, 2LF)
Batting: RHB Armando Chamú 0-0: Foul Ball, location: 2F
0-1: Foul Ball, location: 2F
0-2: Ball
1-2: Ball
2-2: Foul Ball, location: 2F
2-2: Ball
3-2: Strikes out swinging
Pinch Hitting: LHB Dante Aristizabal 0-0: SINGLE (Line Drive, 9S)
Batting: LHB Alberto Garza 0-0: Ball
1-0: Ball
2-0: Foul Ball, location: 2F
2-1: Ball
3-1: Called Strike
3-2: Fly out, F7 (Flyball, 78D)
Top of the 8th over - 0 runs, 1 hit, 0 errors, 1 left on base; Durham 6 - Chesapeake 6
BOTTOM OF THE 8TH
Chesapeake Continentals batting - Pitching for Durham Rapiers : RHP Andy Fallon
Now at SS: Colby King
Now in LF: Dante Aristizabal
Batting: LHB Bartholomew Bailey 0-0: Ball
1-0: Ball
2-0: TRIPLE (Flyball, 8LXD)
Batting: LHB Mathias Gudmestad 0-0: Intentional Walk
Pinch Hitting: LHB Raphaël Duval 0-0: Ball
1-0: Foul Ball, location: 2F
1-1: Fly out, F4 (Line Drive, 34)
Pinch Hitting: RHB Obi Jones 0-0: Ball
1-0: Called Strike
1-1: Foul Ball, location: 2F
1-2: SINGLE (Groundball, 56D)
Bartholomew Bailey scores
Mathias Gudmestad to second
Batting: RHB Ray Walker 0-0: Ball
1-0: Called Strike
1-1: Swinging Strike
1-2: Ball
2-2: Strikes out swinging
Batting: RHB Arturo Scantlebury 0-0: Ground out 4-3 (Groundball, 4)
Bottom of the 8th over - 1 run, 2 hits, 0 errors, 2 left on base; Durham 6 - Chesapeake 7
TOP OF THE 9TH
Durham Rapiers batting - Pitching for Chesapeake Continentals : RHP Steve McKinney
Now at 1B: Raphaël Duval
Now at SS: Manuel Ángel
Batting: RHB Tomás Costello 0-0: Ball
1-0: Ball
2-0: Called Strike
2-1: Ball
3-1: Fly out, F4 (Popup, 4S)
Pinch Hitting: LHB Glen Allen Mixon 0-0: Ground out 4-3 (Groundball, 34)
Batting: RHB Guillermo Mata 0-0: Ball
1-0: Fly out, F9 (Flyball, 9)
Top of the 9th over - 0 runs, 0 hits, 0 errors, 0 left on base; Durham 6 - Chesapeake 7
Tuesday, June 12th, 2018 - OOTP Baseball 18.8 Build 76